 Dungeon Crawl Stone Soup version 0.30.1-9-gdf580d7c3d (webtiles) character file.

Game seed: 5984407597432227516

1140 bearlyready the Cudgeller (level 8, 0/62 (64) HPs)
             Began as a Gnoll Reaver on Oct 14, 2023.
             Was a Follower of Qazlal.
             Succumbed to a scorpion's poison
             ... on level 6 of the Dungeon.
             The game lasted 00:06:33 (6180 turns).

bearlyready the Cudgeller (Gnoll Reaver)            Turns: 6180, Time: 00:06:34

HP:   0/62 (64)     AC:  6    Str: 10 (11) XL:     8   Next: 37%
MP:   16/17         EV: 11    Int: 13 (15) God:    Qazlal [*.....]
Gold: 280           SH:  1    Dex: 10 (11) Spells: 16/19 levels left

rFire   . . .        g - +4 short sword
rCold   . . .        (no shield)
rNeg    . . .        f - +0 ring mail
rPois   .            (no helmet)
rElec   .            v - +0 cloak
rCorr   .            (no gloves)
SInv    .            (no boots)
Will    .....        (no amulet)
Stlth   +            (no ring)
HPRegen 0.30/turn    (no ring)
MPRegen 0.15/turn

%: no passive effects
@: mighty, lethally poisoned (0 -> -17), very slightly contaminated, lightly
drained
A: fangs 1, strong nose, distributed training
a: Renounce Religion


You were on level 6 of the Dungeon.
You worshipped Qazlal.
Qazlal was aware of your devotion.
You visited 2 branches of the dungeon, and saw 7 of its levels.

You collected 413 gold pieces.
You spent 133 gold pieces at shops.

Inventory:

Hand Weapons
 a - a +0 mace
 g - a +4 short sword (weapon)
 k - a +2 heavy scythe
 E - a +1 mace of holy wrath
 F - a +2 dagger of pain
Missiles
 c - 7 atropa-tipped darts
 l - 9 poisoned darts
 z - 5 boomerangs
Armour
 b - a +0 leather armour
 f - a +0 ring mail (worn)
 v - a +0 cloak (worn)
Magical Staves
 r - a staff of fire
Jewellery
 B - an amulet of faith
Wands
 s - a wand of charming (5)
 C - a wand of digging (6)
Scrolls
 d - 7 scrolls of identify
 e - 2 scrolls of blinking {unknown}
 h - 2 scrolls of magic mapping
 m - 4 scrolls of enchant weapon {unknown}
 o - 2 scrolls of immolation {unknown}
 w - 3 scrolls of teleportation {unknown}
 y - a scroll of torment {unknown}
 A - a scroll of enchant armour {unknown}
 D - a scroll of fog {unknown}
Potions
 i - 2 potions of degeneration
 n - 2 potions of attraction {unknown}
 p - 2 potions of lignification {unknown}
 q - 2 potions of heal wounds {unknown}
 t - a potion of curing {unknown}
 u - 2 potions of brilliance {unknown}
 x - a potion of mutation {unknown}


   Skills:
 + Level 5.7 Fighting
 + Level 3.3 Short Blades
 + Level 3.3 Long Blades
 + Level 3.3 Axes
 + Level 7.4 Maces & Flails
 + Level 3.3 Polearms
 + Level 3.3 Staves
 + Level 3.3 Ranged Weapons
 + Level 3.3 Throwing
 + Level 3.3 Armour
 + Level 5.7 Dodging
 + Level 3.3 Stealth
 + Level 3.3 Shields
 + Level 3.3 Unarmed Combat
 + Level 6.1 Spellcasting
 + Level 6.1 Conjurations
 + Level 2.7 Hexes
 + Level 2.7 Summonings
 + Level 2.7 Necromancy
 + Level 2.7 Translocations
 + Level 2.7 Transmutations
 + Level 2.7 Fire Magic
 + Level 2.7 Ice Magic
 + Level 2.7 Air Magic
 + Level 2.7 Earth Magic
 + Level 2.7 Poison Magic
 + Level 3.6 Invocations
 + Level 3.3 Evocations


You had 16 spell levels left.
You knew the following spells:

 Your Spells              Type           Power      Damage    Failure   Level
a - Kiss of Death         Conj/Necr      60%        2d10      7%          1
b - Momentum Strike       Conj/Tloc      30%        3d8       10%         2

Your spell library contained the following spells:

 Spells                   Type           Power      Damage    Failure   Level
 Dazzling Flash           Conj/Hex       30%        N/A       21%         3
 Hailstorm                Conj/Ice       15%        3d5       21%         3
 Vhi's Electric Charge    Tloc/Air       22%        N/A       36%         3
 Volatile Blastmotes      Fire/Tloc      22%        2d11      36%         3
 Iskenderun's Mystic Bla  Conj/Tloc      15%        2d5       54%         4
 Cause Fear               Hex            5%         N/A       78%         4
 Arcjolt                  Conj/Air       7%         1d17      88%         5
 Plasma Beam              Fire/Air       5%         2x1d17    100%        6
 Starburst                Conj/Fire      7%         6d4       100%        6
 Dragon Form              Tmut           5%         N/A       100%        7
 Borgnjor's Revivificati  Necr           5%         N/A       100%        8
 Necromutation            Tmut/Necr      5%         N/A       100%        8
 Death's Door             Necr           5%         N/A       100%        9
 Dragon's Call            Summ           5%         N/A       100%        9


Dungeon Overview and Level Annotations

Branches:
Dungeon (6/15)             Temple (1/1) D:4

Altars:
Dithmenos
Fedhas
Gozag
Hepliaklqana
Makhleb
Okawaru
Qazlal
Ru
Sif Muna
Trog
Uskayaw
Vehumet
Wu Jian
Yredelemnul
Zin
The Shining One

Shops:
D:4 *   D:5 ?


Innate Abilities, Weirdness & Mutations

You have very sharp teeth.
Your uncanny sense of smell can sniff out nearby items.
Your experience applies equally to all skills.


Message History

The scorpion is heavily wounded.
You feel very sick. The scorpion stings you.
You hit the scorpion.
The scorpion is severely wounded.
You feel very sick. The scorpion misses you.
You barely miss the scorpion.
The scorpion is severely wounded.
You feel very sick. The scorpion stings you.
You are more poisoned.
The scorpion poisons you!
You barely miss the scorpion.
The scorpion is severely wounded.
You feel very sick. The scorpion barely misses you.
Casting: Kiss of Death (safe; 5% risk of failure)
Confirm with . or Enter, or press ? or * to list all spells.
Aiming: Kiss of Death (safe; 5% risk of failure)
Press: ? - help, Shift-Dir - straight line, f - scorpion
Aim: a scorpion (severely wounded, 100% to hit)
You miscast Kiss of Death.
You are very lightly contaminated with residual magic.
Nothing appears to happen.
* * * LOW HITPOINT WARNING * * *
You feel very sick. The scorpion stings you.
* * * LOW HITPOINT WARNING * * *
You are more poisoned.
The scorpion poisons you!
You feel very mighty all of a sudden.
* * * LOW HITPOINT WARNING * * *
You feel very sick. The scorpion stings you.
* * * LOW HITPOINT WARNING * * *
It was a potion of degeneration.
There was something very wrong with that liquid.
You feel weakened.
You feel dopey.
You feel clumsy.
You die...

## ################
....###.......@....[.. ∆
#.......#.#.#s#.#.#.
#####.###.......#
##.############## ####
##...##..........#######...
.#.....##...................
..............##.#..#######...
#...#.....##...###.#.# ##.#
...>.###.###.........########.#


You could see a scorpion.

Vanquished Creatures
  Sigmund (D:2)
  Menkaure (D:5)
  A water moccasin (D:6)
  2 phantoms (D:6)
  3 hounds
  3 orc priests
  3 iguanas
  2 orc wizards
  12 adders
  4 gnolls (D:2)
  A shadow imp (D:6)
  3 white imps
  3 worms
  A dart slug (D:2)
  20 orcs
  7 bats
  13 endoplasms
  4 giant cockroaches
  5 goblins
  11 hobgoblins
  2 jackals (D:1)
  2 quokkas
  12 ball pythons
  5 frilled lizards
  13 kobolds
  5 rats (D:2)
139 creatures vanquished.

Notes
Turn   | Place    | Note
-------+----------+-------------------------------------------
     0 | D:1      | bearlyready the Gnoll Reaver began the quest for the Orb.
     0 | D:1      | Reached XP level 1. HP: 20/20 MP: 6/6
   128 | D:1      | Reached XP level 2. HP: 21/26 MP: 7/7
   596 | D:1      | Reached skill level 5 in Spellcasting
   596 | D:1      | Reached XP level 3. HP: 30/31 MP: 7/9
   861 | D:2      | Reached skill level 1 in Invocations
   925 | D:2      | Reached skill level 1 in Short Blades
   925 | D:2      | Reached skill level 1 in Long Blades
   925 | D:2      | Reached skill level 1 in Axes
   925 | D:2      | Reached skill level 1 in Polearms
   925 | D:2      | Reached skill level 1 in Staves
   925 | D:2      | Reached skill level 1 in Ranged Weapons
   925 | D:2      | Reached skill level 1 in Throwing
   925 | D:2      | Reached skill level 1 in Armour
   925 | D:2      | Reached skill level 1 in Stealth
   925 | D:2      | Reached skill level 1 in Shields
   925 | D:2      | Reached skill level 1 in Unarmed Combat
   925 | D:2      | Reached skill level 1 in Evocations
  1149 | D:2      | Reached XP level 4. HP: 34/38 MP: 11/11
  1198 | D:2      | Noticed Sigmund
  1203 | D:2      | Killed Sigmund
  1204 | D:2      | Reached skill level 1 in Hexes
  1204 | D:2      | Reached skill level 1 in Summonings
  1204 | D:2      | Reached skill level 1 in Necromancy
  1204 | D:2      | Reached skill level 1 in Translocations
  1204 | D:2      | Reached skill level 1 in Transmutations
  1204 | D:2      | Reached skill level 1 in Fire Magic
  1204 | D:2      | Reached skill level 1 in Ice Magic
  1204 | D:2      | Reached skill level 1 in Air Magic
  1204 | D:2      | Reached skill level 1 in Earth Magic
  1204 | D:2      | Reached skill level 1 in Poison Magic
  1204 | D:2      | Reached XP level 5. HP: 12/43 MP: 8/12
  1375 | D:2      | Learned a level 2 spell: Momentum Strike
  1435 | D:2      | Reached XP level 6. HP: 50/50 MP: 13/13
  1683 | D:2      | Reached skill level 5 in Fighting
  1683 | D:2      | Reached skill level 5 in Dodging
  2514 | D:3      | Found a glowing silver altar of Zin.
  2725 | D:3      | Found a shimmering blue altar of Sif Muna.
  2932 | D:4      | Found a hazy altar of Hepliaklqana.
  2962 | D:4      | Found a burning altar of Makhleb.
  3043 | D:4      | Found Gozag's Platinum Reserve.
  3044 | D:4      | Found an opulent altar of Gozag.
  3065 | D:4      | Found a staircase to the Ecumenical Temple.
  3071 | Temple   | Entered the Ecumenical Temple
  3117 | Temple   | Became a worshipper of Qazlal Stormbringer
  3470 | D:4      | Reached XP level 7. HP: 49/56 MP: 15/15
  3489 | D:4      | Reached skill level 7 in Maces & Flails
  3602 | D:5      | Entered Level 5 of the Dungeon
  3608 | D:5      | Noticed Menkaure
  3617 | D:5      | Killed Menkaure
  4551 | D:5      | Found a hide-covered altar of Uskayaw.
  4601 | D:5      | Found Biokyt's Magic Scroll Shoppe.
  4604 | D:5      | Bought a scroll of identify for 28 gold pieces
  4604 | D:5      | Bought a scroll of magic mapping for 105 gold pieces
  5356 | D:5      | Reached XP level 8. HP: 47/47 MP: 16/16
  5785 | D:6      | Reached * piety under Qazlal
  6180 | D:6      | Succumbed to a scorpion's poison

Illustrated notes

Levels and vault maps discovered:
D:1:      erik_arrival_orb_chamber, layout_basic
D:2:      minmay_evil_eye, layout_loops_corners, uniq_sigmund
D:3:      corexii_shack_village, layout_basic, zin_treasury,
          mainiacjoe_overflow_alcove_1
D:4:      minmay_spotlight, layout_rooms, nicolae_gozag_zags_fifth_avenue,
          amcnicky_altar_gilded, nicolae_hepliaklqana_hazy_memory, temple_green
D:5:      layout_loops_cross, eat_drink_and_be_merry_uskayaw, serial_shops,
          nicolae_shop_behind_doors, uniq_menkaure
D:6:      layout_loops_ring, kennysheep_cross_bottleneck,
          minmay_misc_feat_square, hangedman_minor_gate_pass
Temple:   eino_temple_lava

Skill      XL: |  1  2  3  4  5  6  7  8 |
---------------+-------------------------+-----
Spellcasting   | 5 6 |  6.1
Invocations    | 1 2 3 |  3.6
Short Blades   | 1 2 3 |  3.3
Long Blades    | 1 2 3 |  3.3
Axes           | 1 2 3 |  3.3
Polearms       | 1 2 3 |  3.3
Staves         | 1 2 3 |  3.3
Ranged Weapons | 1 2 3 |  3.3
Throwing       | 1 2 3 |  3.3
Armour         | 1 2 3 |  3.3
Stealth        | 1 2 3 |  3.3
Shields        | 1 2 3 |  3.3
Unarmed Combat | 1 2 3 |  3.3
Evocations     | 1 2 3 |  3.3
Hexes          | 1 2 |  2.7
Summonings     | 1 2 |  2.7
Necromancy     | 1 2 |  2.7
Translocations | 1 2 |  2.7
Transmutations | 1 2 |  2.7
Fire Magic     | 1 2 |  2.7
Ice Magic      | 1 2 |  2.7
Air Magic      | 1 2 |  2.7
Earth Magic    | 1 2 |  2.7
Poison Magic   | 1 2 |  2.7
Fighting       | 5 |  5.7
Dodging        | 5 |  5.7
Maces & Flails | 7 |  7.4
Conjurations   | 6 |  6.1

Action                     |  1- 3 |  4- 6 |  7- 9 || total
---------------------------+-------+-------+-------++-------
  Melee: Mace              |    23 |       |       ||    23
         Bite              |     9 |    21 |    24 ||    54
         Short sword       |    80 |   193 |   249 ||   522
         Punch             |     3 |     2 |     6 ||    11
   Cast: Kiss of Death     |       |     3 |     3 ||     6
         Momentum Strike   |       |       |     2 ||     2
  Evoke: Wand              |       |       |     1 ||     1
    Use: Potion            |       |       |     2 ||     2
 Armour: Leather armour    |     4 |       |       ||     4
         Ring mail         |    29 |    44 |    70 ||   143
  Dodge: Dodged            |    66 |    85 |   112 ||   263
